 Dungeon Crawl Stone Soup version 0.24.0-13-gcf9b3192b9 (webtiles) character file.

Game seed: 11096724243881953551, levelgen mode: deterministic

28298 DavidChitty2 the Severer (level 13, -1/117 HPs)
             Began as a Minotaur Fighter on Nov 5, 2019.
             Was the Champion of Okawaru.
             Killed from afar by a rime drake (24 damage)
             ... with a flash freeze
             ... on level 5 of the Lair of Beasts.
             The game lasted 00:19:17 (12914 turns).

DavidChitty2 the Severer (Minotaur Fighter)        Turns: 12914, Time: 00:19:19

Health: -1/117     AC: 23    Str: 24    XL:     13   Next: 9%
Magic:  18/18      EV: 10    Int: 12    God:    Okawaru [******]
Gold:   1088       SH: 18    Dex: 10    Spells: 12/12 levels left

rFire    + . .     SeeInvis .   a - +6 broad axe "Utapniq" {holy, rElec rPois}
rCold    . . .     Gourm    .   c - +1 shield
rNeg     . . .     Faith    .   C - +0 plate armour
rPois    +         Spirit   .   M - +1 hat
rElec    +         Reflect  +   I - scarf {repulsion}
rCorr    .         Harm     .   O - +1 pair of gloves
MR       .....                  x - +0 pair of boots
Stlth    ..........             E - +3 amulet of reflection
HPRegen  0.29/turn              H - ring "Qiwkinn" {+Fly rF+ Str-2 Int+7 Slay+3, =R}
MPRegen  0.16/turn              (no ring)

@: heroism, repel missiles
A: retaliatory headbutt, horns 2
a: Heroism, Finesse, Renounce Religion, Evoke Flight


You were on level 5 of the Lair of Beasts.
You worshipped Okawaru.
Okawaru was exalted by your worship.
You were not hungry.

You visited 3 branches of the dungeon, and saw 16 of its levels.

You collected 1088 gold pieces.

Inventory:

Hand Weapons
 a - the +6 broad axe "Utapniq" (weapon) {holy, rElec rPois}
   (Okawaru gifted it to you on level 9 of the Dungeon)

   It has been blessed by the Shining One to cause great damage to the undead
   and demons.
   It insulates you from electricity.
   It protects you from poison.
 b - a +2 flail of draining
   (You took it off Edmund on level 5 of the Dungeon)
 n - a +2 broad axe
   (You took it off a death knight on level 10 of the Dungeon)
Missiles
 f - a throwing net (quivered) {!f}
Armour
 c - a +1 shield (worn)
 x - a +0 pair of boots (worn)
   (You found it on level 4 of the Dungeon)
 C - a +0 plate armour (worn)
   (You found it on level 4 of the Dungeon)
 I - a scarf of repulsion (worn)
   (You found it on level 9 of the Dungeon)
 M - a +1 hat (worn)
   (You found it on level 9 of the Dungeon)
 O - a +1 pair of gloves (worn)
   (You found it on level 1 of the Lair of Beasts)
 R - +0 fire dragon scales
   (You found it on level 5 of the Lair of Beasts)
Jewellery
 l - an uncursed ring of fire
   (You found it on level 1 of the Dungeon)
 o - an uncursed ring of protection from cold
   (You found it on level 4 of the Dungeon)
 w - an uncursed ring of poison resistance
   (You found it on level 3 of the Dungeon)
 z - an uncursed ring of see invisible
   (You found it on level 8 of the Dungeon)
 E - a +3 amulet of reflection (around neck)
   (You found it on level 4 of the Dungeon)
 H - the ring "Qiwkinn" (left hand) {+Fly rF+ Str-2 Int+7 Slay+3, =R}
   (You found it on level 8 of the Dungeon)

   [ring of flight]

   It affects your strength (-2).
   It affects your intelligence (+7).
   It affects your accuracy and damage with ranged weapons and melee attacks
   (+3).
   It protects you from fire.
   It lets you fly.
Wands
 d - a wand of iceblast (12)
   (You found it on level 6 of the Dungeon)
 t - a wand of flame (29)
   (You found it on level 5 of the Dungeon)
 u - a wand of paralysis (15)
   (You found it on level 7 of the Dungeon)
 J - a wand of polymorph (7)
   (You found it on level 8 of the Dungeon)
Scrolls
 i - 11 scrolls of teleportation {@r4}
 m - 4 scrolls of enchant weapon
 p - 4 scrolls of blinking
 r - 3 scrolls of immolation {!r}
 s - 6 scrolls of remove curse {@r2}
 D - a scroll of fear
 F - a scroll of magic mapping
 P - 3 scrolls of identify {@r1}
 Q - a scroll of summoning
Potions
 g - a potion of lignification {!q}
 h - a potion of invisibility
 j - a potion of heal wounds {@q2}
 k - a potion of mutation {!q}
 q - a potion of haste {@q3}
 v - a potion of magic
 y - 2 potions of might
 A - 3 potions of brilliance
 B - a potion of agility
 G - 3 potions of ambrosia
 L - 2 potions of flight
 N - a potion of curing {@q1}
Comestibles
 e - 22 rations {!d}
 K - 5 chunks of flesh


   Skills:
 + Level 11.6(16.6) Fighting
 * Level 15.2(20.2) Axes
 + Level 11.7(16.7) Armour
 + Level 11.7(16.7) Shields
 - Level 8.0 Invocations


You had 12 spell levels left.
You didn't know any spells.
Your spell library contained the following spells:

 Spells                   Type           Power        Failure   Level  Hunger
 Flame Tongue             Conj/Fire      #....        93%         1    ##.....
 Throw Flame              Conj/Fire      #.....       98%         2    ###....
 Conjure Flame            Conj/Fire      #.......     100%        3    ####...
 Inner Flame              Hex/Fire       #.......     100%        3    ####...
 Sticky Flame             Conj/Fire      #.......     100%        4    #####..
 Fireball                 Conj/Fire      #.........   100%        5    ######.


Dungeon Overview and Level Annotations

Branches:
Dungeon (10/15)            Temple (1/1) D:4            Lair (5/6) D:10
 Shoals (0/4) Lair:2        Snake (0/4) Lair:4
  Slime: Lair:5-6       Orc: D:9-12

Altars:
Ashenzari
Cheibriados
Dithmenos
Elyvilon
Fedhas
Gozag
Hepliaklqana
Kikubaaqudgha
Makhleb
Nemelex Xobeh
Okawaru
Qazlal
Ru
Sif Muna
Trog
Uskayaw
Vehumet
Wu Jian
Xom
Yredelemnul
Zin
The Shining One


Innate Abilities, Weirdness & Mutations

You reflexively headbutt those who attack you in melee.
You have a pair of horns on your head.


Message History

You hear an angry hiss. x2
You remove your ring of protection from cold.
You feel more attuned to fire.
l - a ring of fire (right hand)
The fire dragon breathes flames at you. The blast of flame hits you.
You resist.
* * * LOW HITPOINT WARNING * * *
You gain the combat prowess of a mighty hero.
A steam dragon comes into view.
You hit the fire dragon. Your headbutt misses the fire dragon.
The fire dragon barely misses you. You furiously retaliate!
You headbutt the fire dragon. You block the fire dragon's attack. x2
You slice the fire dragon!!
The fire dragon bites you but does no damage.
The fire dragon claws you but does no damage.
The fire dragon tramples you but does no damage.
You slice the fire dragon!! You block the fire dragon's attack.
The fire dragon claws you but does no damage.
The fire dragon tramples you.
* * * LOW HITPOINT WARNING * * *
You stumble backwards!
You hit the fire dragon. You barely miss the fire dragon.
The fire dragon breathes flames at you. The blast of flame hits you!
You resist.
* * * LOW HITPOINT WARNING * * *
You slice the fire dragon!!
You kill the fire dragon!
Okawaru accepts your kill.
The fire dragon scales are intact enough to wear.
The steam dragon breathes steam at you. The ball of steam hits you. You resist.
* * * LOW HITPOINT WARNING * * *
Things that are here:
+0 fire dragon scales; a fire dragon corpse You slice the steam dragon!!
You headbutt the steam dragon.
You hear an angry hiss.
The steam dragon bites you.
* * * LOW HITPOINT WARNING * * *
You block the steam dragon's attack.
You slash the steam dragon!
You kill the steam dragon!
Okawaru accepts your kill.
The steam dragon scales are intact enough to wear.
R - +0 fire dragon scales A rime drake comes into view.
You remove your ring of fire.
The rime drake breathes ice at you. The flash freeze hits you!!
You die...

#.....#P..P#....#
#...............#
#...............#
##...............#
#....P..#........#
##..............§#
#..............§#
..
##..............#
.##
#.#.P..##P###..@#
..# ###########
#..†# #.. ##.[#
.§## ##..#
####...###
#...###..#§....##
#.#k##§..÷......#
###...[.....≈....
#...÷[.....8.≈..
#...≈.........§.


You could see a rime drake.

Vanquished Creatures
  Gastronok (D:8)
  A fire dragon (Lair:5)
  4 hydras
  A catoblepas (Lair:5)
  A death knight (D:10)
  An anaconda (Lair:5)
  The ghost of Eliym the Cleaver, a novice HOFi of Okawaru (D:10)
  A skeletal warrior (D:10)
  6 elephants (Lair:2)
  Psyche (D:8)
  A black mamba (Lair:4)
  9 spiny frogs
  10 rime drakes (Lair:5)
  A komodo dragon (Lair:4)
  A hornet (D:10)
  8 hippogriffs
  3 blink frogs (Lair:4)
  A centaur simulacrum (D:10)
  A wraith (D:10)
  A wyvern (Lair:4)
  A vampire (D:10)
  6 steam dragons (Lair:5)
  6 yaks (D:10)
  Grum (D:8)
  2 hungry ghosts (D:10)
  Menkaure (D:5)
  Edmund (D:5)
  A naga (Lair:4)
  8 water moccasins
  10 porcupines
  3 orc warriors
  2 ice beasts
  A sky beast (D:7)
  5 ogres
  3 centaurs
  4 wolves (D:8)
  2 crocodiles (Lair:3)
  An eye of draining (D:9)
  2 big kobolds
  5 bullfrogs
  A gnoll sergeant (D:7)
  3 scorpions
  16 killer bees (D:10)
  5 wights (D:9)
  An electric eel (Lair:3)
  5 crimson imps
  2 centaur skeletons
  8 hounds
  4 orc priests
  3 jellies
  Jessica (D:3)
  3 iguanas (D:4)
  Natasha (thrice) (D:1)
  8 orc wizards
  8 worker ants
  2 killer bee zombies
  A hound skeleton (D:4)
  A worker ant zombie (D:9)
  Robin (D:2)
  7 adders
  12 gnolls (D:7)
  A howler monkey skeleton (D:4)
  A shadow imp (D:5)
  2 adder skeletons
  An adder zombie (D:6)
  A worm (D:2)
  A dart slug (D:2)
  7 leopard geckos
  45 orcs
  7 giant cockroaches
  19 goblins
  11 hobgoblins
  9 jackals
  7 quokkas
  2 ball pythons
  A ball python skeleton (D:4)
  6 bats
  4 frilled lizards
  A jackal skeleton (D:5)
  19 kobolds
  A kobold zombie (D:4)
  2 leopard gecko skeletons
  A quokka skeleton (D:4)
  5 rats
368 creatures vanquished.

Vanquished Creatures (others)
  A rime drake (Lair:5)
  A centaur (D:6)
  A kobold (D:9)
  2 plants
5 creatures vanquished.

Grand Total: 373 creatures vanquished

Notes
Turn   | Place    | Note
-------+----------+-------------------------------------------
     0 | D:1      | DavidChitty2 the Minotaur Fighter began the quest for the
                  | Orb.
     0 | D:1      | Reached XP level 1. HP: 19/19 MP: 0/0
   260 | D:1      | Reached XP level 2. HP: 24/27 MP: 1/1
   623 | D:2      | Reached skill level 3 in Axes
   661 | D:2      | Noticed Robin
   673 | D:2      | Reached XP level 3. HP: 29/33 MP: 2/2
   685 | D:2      | Killed Robin
  1046 | D:2      | Noticed Natasha
  1049 | D:2      | Reached XP level 4. HP: 36/40 MP: 3/3
  1056 | D:1      | Killed Natasha
  1056 | D:1      | Reached skill level 4 in Axes
  1359 | D:1      | Noticed Natasha
  1363 | D:1      | Killed Natasha
  1515 | D:1      | Noticed Natasha
  1525 | D:1      | Killed Natasha
  1525 | D:1      | Reached XP level 5. HP: 36/47 MP: 4/4
  1754 | D:3      | Found a shattered altar of Ashenzari.
  2014 | D:3      | Noticed Jessica
  2020 | D:3      | Killed Jessica
  2356 | D:3      | Reached skill level 5 in Axes
  2404 | D:3      | Found a bloodstained altar of Trog.
  2782 | D:4      | Reached XP level 6. HP: 52/55 MP: 5/5
  2796 | D:4      | Found a staircase to the Ecumenical Temple.
  2802 | D:4      | Reached skill level 5 in Shields
  2805 | D:4      | Reached skill level 5 in Fighting
  2805 | D:4      | Reached skill level 5 in Armour
  2845 | Temple   | Entered the Ecumenical Temple
  3008 | Temple   | Became a worshipper of Warmaster Okawaru
  3069 | D:4      | Reached skill level 6 in Axes
  3107 | D:4      | Reached XP level 7. HP: 40/61 MP: 6/6
  3120 | D:4      | Found an iron altar of Okawaru.
  3163 | D:4      | Reached skill level 1 in Invocations
  3857 | D:5      | Entered Level 5 of the Dungeon
  3869 | D:5      | Noticed Menkaure
  3969 | D:5      | Noticed Edmund
  3977 | D:5      | Killed Edmund
  4022 | D:5      | Reached * piety under Okawaru
  4022 | D:5      | Reached skill level 7 in Axes
  4029 | D:5      | Reached XP level 8. HP: 15/70 MP: 8/8
  4585 | D:5      | Found a shimmering altar of Xom.
  4748 | D:5      | Killed Menkaure
  5065 | D:6      | Reached skill level 8 in Axes
  5403 | D:6      | Reached ** piety under Okawaru
  5524 | D:7      | Reached XP level 9. HP: 63/78 MP: 10/10
  5651 | D:7      | Reached skill level 9 in Axes
  5941 | D:8      | Got a coiled amber ring
  5946 | D:8      | Identified the ring "Qiwkinn" {+Fly rF+ Str-2 Int+7 Slay+3}
                  | (You found it on level 8 of the Dungeon)
  5974 | D:8      | Noticed Gastronok
  5994 | D:8      | Killed Gastronok
  5994 | D:8      | Reached *** piety under Okawaru
  5994 | D:8      | Reached **** piety under Okawaru
  5994 | D:8      | Reached skill level 10 in Axes
  5994 | D:8      | Reached XP level 10. HP: 43/88 MP: 10/12
  6159 | D:8      | Reached skill level 5 in Invocations
  6179 | D:8      | Noticed Grum
  6193 | D:8      | Reached ***** piety under Okawaru
  6198 | D:8      | Killed Grum
  6325 | D:8      | Noticed Psyche
  6331 | D:8      | Killed Psyche
  6331 | D:8      | Reached skill level 11 in Axes
  6717 | D:9      | Received a gift from Okawaru
  6728 | D:9      | Got a fine broad axe {god gift}
  7017 | D:9      | Identified the +6 broad axe "Utapniq" {holy, rElec rPois}
                  | (Okawaru gifted it to you on level 9 of the Dungeon)
  7409 | D:9      | Found a glowing golden altar of the Shining One.
  7582 | D:10     | Entered Level 10 of the Dungeon
  7597 | D:10     | Noticed a skeletal warrior
  7600 | D:10     | Found a transporter.
  7601 | D:10     | Noticed Eliym's ghost (novice HOFi)
  7601 | D:10     | Noticed a death knight
  7628 | D:10     | Found a transporter.
  7692 | D:10     | Killed a skeletal warrior
  7695 | D:10     | Killed Eliym's ghost
  7695 | D:10     | Reached skill level 12 in Axes
  7695 | D:10     | Reached XP level 11. HP: 93/97 MP: 7/14
  7707 | D:10     | Killed a death knight
  8155 | D:10     | Received a gift from Okawaru
  8452 | D:10     | Found a staircase to the Lair.
  9179 | Lair:1   | Entered Level 1 of the Lair of Beasts
  9282 | Lair:1   | Reached skill level 10 in Armour
  9574 | Lair:1   | Reached skill level 10 in Shields
  9681 | Lair:1   | Reached skill level 10 in Fighting
  9681 | Lair:1   | Reached skill level 13 in Axes
 10005 | Lair:2   | Reached ****** piety under Okawaru
 10095 | Lair:2   | Found a staircase to the Shoals.
 10154 | Lair:2   | Reached XP level 12. HP: 100/107 MP: 16/16
 10220 | Lair:2   | Noticed a four-headed hydra
 10227 | Lair:2   | Killed a four-headed hydra
 10336 | Lair:2   | Got a warped robe
 11277 | Lair:3   | Noticed a five-headed hydra
 11289 | Lair:3   | Killed a five-headed hydra
 11707 | Lair:4   | Received a gift from Okawaru
 11707 | Lair:4   | Reached skill level 14 in Axes
 11795 | Lair:4   | Noticed an eight-headed hydra
 11802 | Lair:4   | Killed an eight-headed hydra
 11840 | Lair:4   | Received a gift from Okawaru
 11879 | Lair:4   | Found a staircase to the Snake Pit.
 11922 | Lair:4   | Noticed a four-headed hydra
 11937 | Lair:4   | Killed a four-headed hydra
 12766 | Lair:5   | Noticed a catoblepas
 12767 | Lair:5   | Noticed an anaconda
 12774 | Lair:5   | Killed a catoblepas
 12777 | Lair:5   | Killed an anaconda
 12838 | Lair:5   | Reached skill level 15 in Axes
 12847 | Lair:5   | Reached XP level 13. HP: 63/116 MP: 18/18
 12889 | Lair:5   | Noticed a fire dragon
 12908 | Lair:5   | Killed a fire dragon
 12914 | Lair:5   | Killed from afar by a rime drake

Levels and vault maps discovered:
D:1:      dpeg_arrival_windows_large_door, layout_basic, minmay_misc_feat_cross
D:2:      layout_rooms, minmay_circle_x, uniq_natasha, uniq_robin
D:3:      layout_basic, cheibrodos_ashenzari_chains, trog_hazing_becter,
          uniq_jessica
D:4:      cheibrodos_greedy_goblins, layout_basic, minmay_temple_entry_wispy,
          first_ration, enter_ossuary_3, okawaru_metal_pillars_1_2
D:5:      layout_loops_ring, eino_small_chamber_without_monster,
          xom_teletrap_fun, uniq_menkaure, uniq_edmund
D:6:      layout_rooms
D:7:      layout_basic, dk_noncrumbling_4
D:8:      layout_basic, grunt_ogre_cave, uniq_psyche, uniq_grum, uniq_gastronok
D:9:      layout_loops_ring, nicolae_tso_carved_into_rock
D:10:     layout_basic, lair_entry_dummy, gammafunk_ghost_mausoleum
Temple:   kilobyte_greek_temple
Lair:1:   layout_loops_ring
Lair:2:   layout_long_grid, shoals_dummy_entry, grunt_forest_small_clearings,
          beast_lair_carwin_11
Lair:3:   layout_loops_ring, nicolae_quartered_pool_super,
          chequers_serial_rivers_room_b
Lair:4:   layout_small_grid, guppyfry_snake_entry_garden,
          chequers_serial_rivers_marsh
Lair:5:   beast_lair_carwin_large_4, layout_long_grid, special_room
          [special_room_mythical_zoo], bobbens_dragon_lair_wall

Skill      XL: |  1  2  3  4  5  6  7  8  9 10 11 12 |
---------------+-------------------------------------+-----
Axes           | 3 4 5 6 7 8 10 12 13 15 | 15.2
Fighting       | 4 5 6 8 9 10 11 | 11.6
Armour         | 4 5 6 8 9 10 11 | 11.7
Shields        | 4 5 6 8 9 10 11 | 11.7
Invocations    | 2 3 4 6 7 8 |  8.0

Action                   |  1- 3 |  4- 6 |  7- 9 | 10-12 | 13-15 || total
-------------------------+-------+-------+-------+-------+-------++-------
Melee: War axe           |    75 |   138 |   249 |    94 |       ||   556
       Headbutt          |     8 |    28 |    66 |    81 |     2 ||   185
       Broad axe         |       |       |       |   298 |    18 ||   316
       Flail             |       |       |       |    22 |       ||    22
Invok: Heroism           |       |       |     1 |     8 |     1 ||    10
       Finesse           |       |       |       |     1 |       ||     1
Evoke: Wand              |       |       |     2 |     2 |       ||     4
  Use: Scroll            |       |     9 |    10 |     8 |       ||    27
       Potion            |       |       |       |     1 |       ||     1
  Eat: Chunk             |     1 |     6 |    10 |    19 |       ||    36
       Ration            |       |       |       |     1 |       ||     1
Armor: Scale mail        |    40 |     8 |       |       |       ||    48
       Chain mail        |       |    71 |    14 |       |       ||    85
       Plate armour      |       |       |    92 |   163 |     8 ||   263
       Skin              |       |       |       |     2 |       ||     2
Dodge: Dodged            |    27 |    39 |    38 |    85 |     4 ||   193
       Deflected         |       |       |       |     3 |       ||     3
Block: Shield            |    64 |    80 |   179 |   330 |     9 ||   662
       Reflection        |       |       |     4 |    16 |       ||    20
